 Dungeon Crawl Stone Soup version 0.18-a0-1157-g59db91b (webtiles) character file.

1318 st0uf the Changer (level 8, 0/62 HPs)
             Began as a Pale Draconian Transmuter on Jan 23, 2016.
             Succumbed to poison (poison gas)
             ... on level 6 of the Dungeon.
             The game lasted 00:39:07 (5272 turns).

st0uf the Changer (Pale Draconian Transmuter)       Turns: 5272, Time: 00:39:08

Health: 0/62       AC:  2    Str: 13    XL:     8   Next: 33%
Magic:  5/12       EV: 23    Int: 15    God:    Xom [*.....]
Gold:   592        SH:  0    Dex: 17    Spells: 3 memorised, 6 levels left

rFire  . . .     SeeInvis .       - Unarmed
rCold  + . .     Gourm    .     (armour unavailable)
rNeg   . . .     Faith    .     (shield currently unavailable)
rPois  x         Spirit   .     (helmet currently unavailable)
rElec  .         Dismiss  .     (cloak currently unavailable)
rCorr  +         Reflect  .     (gloves currently unavailable)
SustAt .         Harm     .     (boots currently unavailable)
MR     .....                    p - amulet of regeneration
Stlth  ++........               C - ring of protection from cold
                                q - ring of resist corrosion

@: lethally poisoned (0 -> -27), spider-form, not resistant to hostile
enchantments, unstealthy
A: (breathe steam), unfitting armour, (antennae 0), (hooves 0), (stinger 0),
wild magic 1, (cold-blooded), AC +6
a: End Transformation, Renounce Religion


You were on level 6 of the Dungeon.
You worshipped Xom.
You were a special plaything of Xom.
You were not hungry.
You were a venomous arachnid creature.
You visited 1 branch of the dungeon, and saw 6 of its levels.
You also visited: Ossuary.

You collected 592 gold pieces.

Inventory:

Missiles
 a - 115 arrows
Armour
 f - a +2 cloak (melded)
 A - a +1 pair of gloves (melded)
Jewellery
 p - an amulet of regeneration (around neck)
 q - a ring of resist corrosion (left front leg)
 s - an uncursed amulet of faith
 C - a ring of protection from cold (right front leg)
Wands
 t - a wand of confusion (30/48)
 x - a wand of disintegration (15/24)
Scrolls
 h - 5 scrolls of teleportation
 n - a scroll of identify
 w - a scroll of enchant armour
 z - a scroll of blinking
 D - a scroll of enchant weapon
 F - a scroll of amnesia
Potions
 e - 2 potions of might
 g - a potion of lignification
 i - a potion of invisibility
 j - 3 potions of cure mutation
 k - a potion of cancellation
 l - a potion of haste
 o - a potion of agility {unknown}
 v - a potion of beneficial mutation {unknown}
 E - a potion of resistance {unknown}
Books
 b - a book of Changes

   Spells                             Type                      Level
   a - Beastly Appendage              Transmutation                1
   b - Sticks to Snakes               Transmutation                2
   c - Spider Form                    Transmutation/Poison         3
   d - Ice Form                       Ice/Transmutation            4
   e - Blade Hands                    Transmutation                5
 m - a book of Maledictions

   Spells                             Type                      Level
   a - Corona                         Hexes                        1
   b - Ensorcelled Hibernation        Hexes/Ice                    2
   c - Confuse                        Hexes                        3
   d - Tukima's Dance                 Hexes                        3
   e - Dazzling Spray                 Conjuration/Hexes            3
Comestibles
 c - 2 bread rations
 r - 7 fruits
 u - a meat ration
 B - 6 chunks of flesh


   Skills:
 + Level 2.3 Fighting
 + Level 5.2 Dodging
 + Level 5.9 Unarmed Combat
 + Level 2.7 Spellcasting
 * Level 6.0 Transmutations
 + Level 2.0 Poison Magic


You had 6 spell levels left.
You knew the following spells:

 Your Spells              Type           Power        Failure   Level  Hunger
a - Beastly Appendage     Trmt           ####..       16%         1    #......
b - Sticks to Snakes      Trmt           ####....     19%         2    ##.....
c - Spider Form           Trmt/Pois      ###.......   47%         3    ###....


Dungeon Overview and Level Annotations

Branches:
Dungeon (6/15)
 Temple: D:4-7

Altars:
Ashenzari
Dithmenos
Kikubaaqudgha
Nemelex Xobeh
Ru
Xom
The Shining One

Shops:
D:6 %(

Annotations:
D:6 namelastname112's ghost, novice DrMo


Innate Abilities, Weirdness & Mutations

((You can breathe blasts of scalding, opaque steam.))
((Your pale cyan-grey scales are hard (AC +6).))
Your body does not fit into most forms of armour.
((You are cold-blooded and may be slowed by cold attacks.))
((You have a pair of small antennae on your head.))
((You have large cloven feet.))
((Your tail ends in a poisonous barb.))
Your spells are a little harder to cast, but a little more powerful.


Message History

You feel very sick. Namelastname112's ghost hits you!
You feel very sick.
* * * LOW HITPOINT WARNING * * *
You feel very sick.
Namelastname112's ghost wails, "Death is your only future!"
* * * LOW HITPOINT WARNING * * *
You feel very sick.
Namelastname112's ghost wails.
* * * LOW HITPOINT WARNING * * *
You feel very sick.
* * * LOW HITPOINT WARNING * * *
You feel very sick.
* * * LOW HITPOINT WARNING * * *
You feel very sick.
* * * LOW HITPOINT WARNING * * *
You feel very sick.
Your magical contamination has completely faded away.
You die...
Xom snickers!

### ########
############.#########.......
#............)รท............##
#.##########.###########...#
#.# #s#* .........### #.# #.#*
########.# #.# ###W#*,* #.#
#####.# #...# ,* #.# ...##.#
#.### ,* #.# ###.#.##### #.# *
,## #.# #
#.......####.###...#* #.#
###.#.###.............* #.####
...##.# ######.###...#* #..(..


You could see namelastname112's ghost.

Vanquished Creatures
  Prince Ribbit (D:6)
  An orc warrior (D:6)
  3 centaurs
  An elf zombie (Ossuary)
  A quasit (D:5)
  2 orc priests
  2 hounds
  2 orc wizards
  Terence (D:3)
  3 worker ants
  A hound skeleton (D:4)
  A mummy (Ossuary)
  6 adders
  2 oozes
  An adder skeleton (D:5)
  3 worms
  4 giant geckos
  11 orcs
  3 giant cockroaches
  7 goblins
  5 hobgoblins
  12 jackals
  6 kobolds
  A quokka (D:4)
  3 bats (D:1)
  A giant newt (D:6)
  A goblin zombie (Ossuary)
  2 hobgoblin zombies (Ossuary)
  A quokka zombie (D:5)
  9 rats
  2 rat zombies (D:5)
99 creatures vanquished.

Vanquished Creatures (collateral kills)
  An orc warrior (D:6)
  A phantom (D:4)
  2 orc priests
  An orc wizard (D:3)
  A worker ant (D:4)
  2 big kobold zombies (Ossuary)
  A mummy (Ossuary)
  3 adders
  An ooze (D:3)
  5 orcs
  2 gnoll zombies (Ossuary)
  6 jackals (D:3)
  A giant newt (D:4)
  2 goblin zombies (Ossuary)
  A hobgoblin zombie (Ossuary)
  3 orc zombies (Ossuary)
33 creatures vanquished.

Grand Total: 132 creatures vanquished

Notes
Turn   | Place    | Note
--------------------------------------------------------------
     0 | D:1      | st0uf the Draconian Transmuter began the quest for the Orb.
     0 | D:1      | Reached XP level 1. HP: 16/16 MP: 3/3
   240 | D:1      | Reached XP level 2. HP: 7/23 MP: 5/5
   957 | D:2      | Reached XP level 3. HP: 28/28 MP: 6/6
   994 | D:2      | Learned a level 2 spell: Sticks to Snakes
   998 | D:2      | Learned a level 3 spell: Spider Form
  1522 | D:2      | Found a sacrificial altar of Ru.
  1532 | D:2      | Reached XP level 4. HP: 33/35 MP: 5/7
  1624 | D:2      | Reached skill level 4 in Unarmed Combat
  1697 | D:2      | Found a shimmering altar of Xom.
  1701 | D:2      | Became a worshipper of Xom of Chaos
  1705 | D:2      | Found a sparkling altar of Nemelex Xobeh.
  1708 | D:2      | Found a glowing golden altar of the Shining One.
  1999 | D:3      | XOM: harmless Chrm miscast
  2034 | D:2      | XOM: harmless Pois miscast
  2193 | D:2      | XOM: scenery: create altars
  2294 | D:3      | Noticed Terence
  2303 | D:3      | Killed Terence
  2303 | D:3      | Reached XP level 5. HP: 32/40 MP: 4/8
  2387 | D:3      | XOM: give mutations
  2387 | D:3      | Gained mutation: You have a pair of small antennae on your head. [Xom's grace]
  2387 | D:3      | Gained mutation: Your spells are a little harder to cast, but a little more powerful. [Xom's grace]
  2387 | D:3      | Gained mutation: Your tail ends in a poisonous barb. [Xom's grace]
  2420 | D:3      | XOM: divination: magic mapping
  2442 | D:3      | XOM: swap monsters
  2595 | D:3      | Found a shadowy altar of Dithmenos.
  2634 | D:3      | XOM is BORED!
  2634 | D:3      | XOM: summons 3 hostile shadow creatures
  2635 | D:3      | Noticed an ice beast
  2681 | D:3      | XOM: god gift: trident {god gift}
  2831 | D:4      | Noticed a phantom
  2844 | D:3      | XOM: summons friendly white imp
  2845 | D:3      | XOM: cast spell 'Summon Small Mammal'
  2854 | D:3      | HP: 2/40 [phantom (7)]
  3237 | D:4      | Reached XP level 6. HP: 42/47 MP: 9/9
  3435 | D:4      | XOM: confuse monster(s)
  3457 | D:4      | Reached skill level 1 in Poison Magic
  3462 | D:4      | Found a shattered altar of Ashenzari.
  3603 | D:4      | XOM: give mutation
  3603 | D:4      | Gained mutation: You have large cloven feet. [Xom's grace]
  3725 | D:4      | XOM: harmless Fire miscast
  3769 | D:5      | Entered Level 5 of the Dungeon
  3820 | D:5      | Found a sand-covered staircase.
  3856 | D:5      | XOM: scenery: 1 doors open
  3873 | Ossuary  | Entered an ossuary
  3905 | Ossuary  | XOM: cast spell 'Summon Swarm'
  3920 | Ossuary  | Reached skill level 5 in Unarmed Combat
  3931 | Ossuary  | Reached XP level 7. HP: 25/52 MP: 5/10
  3931 | Ossuary  | Your scales start taking on a pale cyan-grey colour.
  3999 | Ossuary  | XOM: god gift: scroll labeled TOSYOQ FAAGH
  4064 | D:5      | XOM: vitrification
  4068 | D:5      | XOM: 2-stop teleportation journey
  4105 | D:5      | Found an ancient bone altar of Kikubaaqudgha.
  4116 | D:5      | XOM: 1-stop teleportation journey
  4117 | D:5      | XOM: god gift: scroll labeled XUSI JEIDGHEBOL
  4173 | D:5      | Reached skill level 5 in Transmutations
  4351 | D:5      | XOM: divination: detect creatures
  4425 | D:5      | XOM: cast spell 'Leda's Liquefaction'
  4505 | D:6      | Found Sin Hi Ilog's Food Shop.
  4602 | D:6      | Found Ipu Ixodgh's Weapon Shop.
  4795 | D:6      | XOM: harmless Air miscast
  4829 | D:6      | Noticed namelastname112's ghost (novice DrMo)
  4875 | D:5      | XOM: divination: detect creatures
  4946 | D:6      | XOM: divination: detect items
  4949 | D:6      | XOM: cast spell 'Spider Form'
  4953 | D:6      | XOM: blink monster(s)
  5133 | D:6      | XOM: divination: magic mapping
  5135 | D:6      | Reached skill level 5 in Dodging
  5176 | D:6      | Noticed Prince Ribbit
  5178 | D:6      | XOM: enchant monster (good)
  5179 | D:6      | XOM: enchant monster (good)
  5198 | D:6      | Killed Prince Ribbit
  5198 | D:6      | Reached XP level 8. HP: 35/61 MP: 8/11
  5223 | D:6      | XOM: destruction
  5231 | D:6      | XOM: god gift: 38 gold pieces
  5248 | D:6      | XOM: harmless Pois miscast
  5254 | D:6      | Reached skill level 6 in Transmutations
  5259 | D:6      | XOM: medium Air miscast
  5271 | D:6      | HP: 2/62 [poison (poison gas)]
  5272 | D:6      | Succumbed to poison (poison gas)

Vault maps used:
D:1:      dpeg_arrival_snail
D:2:      grunt_temple_overflow_diamond, first_bread,
          nicolae_ru_great_annihilating_truth
D:3:      nicolae_dithmenos_through_a_glass_darkly, uniq_terence
D:4:      nicolae_ashenzari_panopticon
D:5:      old_standard_altar, enter_ossuary_4
D:6:      serial_shops, shop, shop, hex_medium, uniq_prince_ribbit1
Ossuary:  minmay_ossuary_gauntlet

Action                   |  1- 3 |  4- 6 |  7- 9 || total
-------------------------+-------+-------+-------++-------
Melee: Unarmed           |   104 |   189 |   133 ||   426
 Cast: Beastly Appendage |    18 |     9 |       ||    27
       Sticks to Snakes  |     3 |     5 |     6 ||    14
       Spider Form       |       |     8 |    11 ||    19
 Abil: Breathe Steam     |       |       |     4 ||     4
       End Transformatio |       |       |     1 ||     1
  Use: Scroll            |       |     8 |     8 ||    16
       Potion            |       |       |     4 ||     4
 Stab: Sleeping          |       |     2 |       ||     2
       Paralysed         |       |     1 |       ||     1
       Distracted        |       |     2 |       ||     2
       Confused          |       |     2 |       ||     2
       Petrified         |       |       |     2 ||     2
  Eat: Chunk             |     3 |     9 |     8 ||    20
